 Dungeon Crawl Stone Soup version 0.23.0-3-gf3c87f2 (webtiles) character file.

Game seed: 4332043957059331365

30 Lanoc the Cutter (level 3, 0/25 HPs)
             Began as a Halfling Chaos Knight on Feb 22, 2019.
             Was a Plaything of Xom.
             Succumbed to a naga's splash of poison
             ... on level 2 of the Dungeon.
             The game lasted 00:02:50 (736 turns).

Lanoc the Cutter (Halfling Chaos Knight)             Turns: 736, Time: 00:02:51

Health: 0/25       AC:  5    Str: 13    XL:     3   Next: 35%
Magic:  3/3        EV: 14    Int: 15    God:    Xom [.*....]
Gold:   48         SH:  0    Dex: 14    Spells: 2/2 levels left

rFire    . . .     SeeInvis .   a - +0 short sword (chaos)
rCold    . . .     Gourm    .   (shield restricted)
rNeg     . . .     Faith    .   b - +2 leather armour
rPois    .         Spirit   .   (no helmet)
rElec    .         Reflect  .   (no cloak)
rCorr    .         Harm     .   (no gloves)
MR       .....                  (no boots)
Stlth    +.........             (no amulet)
HPRegen  0.08/turn              (no ring)
MPRegen  0.08/turn              (no ring)

@: brilliant, lethally poisoned (0 -> -5), flying
A: small, mutation resistance 1
a: Renounce Religion


You were on level 2 of the Dungeon.
You worshipped Xom.
You were a plaything of Xom.
You were not hungry.

You visited 1 branch of the dungeon, and saw 2 of its levels.

You collected 48 gold pieces.

Inventory:

Hand Weapons
 a - a +0 short sword of chaos (weapon)
Armour
 b - a +2 leather armour (worn)
Scrolls
 d - a scroll of noise {unknown}
Comestibles
 c - a ration
 f - 2 chunks of flesh


   Skills:
 + Level 2.9 Fighting
 * Level 4.3 Short Blades
 + Level 2.6 Armour
 + Level 1.7 Dodging


You had 2 spell levels left.
You didn't know any spells.
Your spell library was empty.

Dungeon Overview and Level Annotations

Branches:
Dungeon (2/15)

Altars:


Innate Abilities, Weirdness & Mutations

You are small and have problems with some larger weapons.
You are somewhat resistant to further mutation.


Message History

You closely miss the fire bat. The fire bat barely misses you.
The rat bites you.
You closely miss the rat. The fire bat bites you.
You are engulfed in flames!
The rat misses you.
You are too injured to fight recklessly!
The fire bat changes into a naga!
The hobgoblin hits you with a +0 club.
* * * LOW HITPOINT WARNING * * *
It was a potion of brilliance.
You feel clever all of a sudden.
Xom thinks this is hilarious!
The rat bites you but does no damage. The naga spits poison at you.
The splash of poison hits you.
You are lethally poisoned!
* * * LOW HITPOINT WARNING * * *
It was a potion of flight.
You feel very buoyant.
You fly up into the air.
You die...
Xom thinks this is hilarious!

..## ##. #..# ...
#..## #.# .
#<.########..# ..
#...........# #...
##...#......#.....
###....#...N......
#.....!..g.)......
............@r###.###
....................
#...##..##########..
..#. #... .## #...
..## #..


You could see a naga shaped shifter, a hobgoblin and a rat.

Vanquished Creatures
  An adder (D:2)
  A dart slug (D:1)
  A leopard gecko (D:1)
  2 bats (D:1)
  3 goblins (D:1)
  2 hobgoblins (D:1)
  2 frilled lizards (D:1)
  3 kobolds (D:1)
  6 rats (D:1)
21 creatures vanquished.

Notes
Turn   | Place    | Note
-------+----------+-------------------------------------------
     0 | D:1      | Lanoc the Halfling Chaos Knight began the quest for the
                  | Orb.
     0 | D:1      | Reached XP level 1. HP: 15/15 MP: 1/1
    90 | D:1      | Reached XP level 2. HP: 19/20 MP: 2/2
   192 | D:1      | Reached skill level 4 in Short Blades
   276 | D:1      | XOM: divination: detect creatures
   515 | D:1      | Reached XP level 3. HP: 19/25 MP: 3/3
   726 | D:2      | Noticed a shapeshifter
   726 | D:2      | a kobold changed into a shapeshifter
   726 | D:2      | XOM: polymorph kobold -> shapeshifter
   726 | D:2      | Noticed a fire bat
   726 | D:2      | a shapeshifter changed into a fire bat
   728 | D:2      | XOM: harmless Tmut miscast
   734 | D:2      | Noticed a naga
   734 | D:2      | a fire bat changed into a naga
   735 | D:2      | HP: 1/25 [naga (shapeshifter)/splash of poison (2)]
   736 | D:2      | Succumbed to a naga's splash of poison

Skill      XL: |  1  2 |
---------------+-------+-----
Short Blades   | 4 |  4.3
Fighting       | |  2.9
Armour         | |  2.6
Dodging        | |  1.7

Action                   || total
-------------------------++-------
Melee: Short sword       ||    67
  Use: Potion            ||     2
 Stab: Petrifying        ||     2
Armor: Leather armour    ||    19
Dodge: Dodged            ||    48
